 Dungeon Crawl Stone Soup version 0.27-a0-1217-g8a41f320e8 (webtiles) character file.

Game seed: 8282994058002505882

5 Bnni the Sneak (level 1, -2/18 HPs)
             Began as a Demonspawn Delver on June 6, 2021.
             Was an Initiate of Ashenzari.
             Slain by a wyvern skeleton (6 damage)
             ... on level 5 of the Dungeon.
             The game lasted 00:00:44 (305 turns).

Bnni the Sneak (Demonspawn Delver)                   Turns: 305, Time: 00:00:46

Health: -2/18      AC:  3    Str: 12    XL:     1   Next: 66%
Magic:  1/1        EV: 11    Int: 11    God:    Ashenzari [......]
Gold:   13         SH:  0    Dex: 14    Spells: 0/0 levels left

rFire    . . .     SeeInvis .   a - +0 falchion
rCold    . . .     Faith    .   (no shield)
rNeg     . . .     Spirit   .   b - +0 leather armour
rPois    .         Reflect  .   (no helmet)
rElec    .         Harm     .   (no cloak)
rCorr    .         Rampage  .   (no gloves)
Will     .....                  (no boots)
Stlth    +++.......             (no amulet)
HPRegen  0.06/turn              (no ring)
MPRegen  0.07/turn              (no ring)

@: no status effects
A: no striking features
a: Renounce Religion


You were on level 5 of the Dungeon.
You worshipped Ashenzari.
Ashenzari was noncommittal.
You visited 1 branch of the dungeon, and saw 1 of its levels.

You collected 13 gold pieces.

Inventory:

Hand Weapons
 a - a +0 falchion (weapon)
Armour
 b - a +0 leather armour (worn)
Wands
 g - a wand of digging (3)
Scrolls
 c - a scroll of fog
 d - a scroll of magic mapping
 e - 2 scrolls of fear
 h - a scroll of identify
 i - a scroll of enchant armour
Potions
 f - a potion of haste


   Skills:
 + Level 3.0 Fighting
 + Level 1.7 Long Blades
 + Level 0.1 Armour
 + Level 1.8 Dodging
 + Level 4.7 Stealth


You couldn't memorise any spells.
You didn't know any spells.
Your spell library was empty.

Dungeon Overview and Level Annotations

Branches:
Dungeon (5/15)
 Temple: D:4-7

Altars:
Ashenzari


Message History

You miss the ufetubus. The ufetubus hits you. The ufetubus barely misses you.
You miss the ufetubus. The ufetubus closely misses you.
The ufetubus completely misses you. The ufetubus barely misses you. x2
You miss the ufetubus. The ufetubus hits you.
The ufetubus hits you but does no damage.
The ufetubus barely misses you.
You riposte.
You closely miss the ufetubus. The ufetubus closely misses you.
You hit the ufetubus but do no damage. The ufetubus completely misses you.
You riposte.
You hit the ufetubus but do no damage. The ufetubus closely misses you. x2
The ufetubus hits you but does no damage.
You hit the ufetubus.
The ufetubus is heavily wounded.
The ufetubus hits you. The ufetubus closely misses you. The ufetubus hits you.
The ufetubus closely misses you.
You miss the ufetubus.
The ufetubus is heavily wounded.
The ufetubus closely misses you. x3; The ufetubus hits you.
You are too injured to fight recklessly!
You are too injured to fight recklessly!
You miss the ufetubus.
The ufetubus is heavily wounded.
The ufetubus hits you. x2
You hit the ufetubus.
You kill the ufetubus!
You start resting.
HP restored.
e - 2 scrolls of fear (gained 1)
A wyvern skeleton comes into view.
The helpless wyvern skeleton fails to defend itself.
You hit the wyvern skeleton.
The wyvern skeleton is lightly damaged.
The wyvern skeleton bites you.
You hit the wyvern skeleton.
The wyvern skeleton is moderately damaged.
The wyvern skeleton bites you!
Ouch! That really hurt!
* * * LOW HITPOINT WARNING * * *
The wyvern skeleton bites you.
You die...

... .... .... ###+##
..... #....#
.....##....#
......Z....#
..$....@...#
#...........#
#.....##....#
#.....##...##
#.....##...##
........#...........#
........#...........#
........#...........#
........#...........#


You could see a wyvern skeleton.

Vanquished Creatures
  An ufetubus (D:5)
1 creature vanquished.

Notes
Turn   | Place    | Note
-------+----------+-------------------------------------------
     0 | D:5      | Bnni the Demonspawn Delver began the quest for the Orb.
     0 | D:5      | Reached XP level 1. HP: 18/18 MP: 1/1
    63 | D:5      | Found a broken altar of Ashenzari.
    71 | D:5      | Became a worshipper of Ashenzari the Shackled
   305 | D:5      | Slain by a wyvern skeleton

Illustrated notes

Levels and vault maps discovered:
D:5:      layout_gridville, cheibrodos_ashenzari_chains, minitemple,
          uniq_grinder, uniq_menkaure

Action                   || total
-------------------------++-------
Melee: Falchion          ||    10
 Stab: Sleeping          ||     1
Armor: Leather armour    ||     5
Dodge: Dodged            ||    16
       Rpst.: Falchion   ||     2

Table legend: (Time is in decaauts)
 A = Elapsed time spent in this place.
 B = Non-inter-level travel time spent in this place.
 C = Inter-level travel time spent in this place.
 D = Time resting spent in this place.
 E = Time spent auto-exploring this place.
 F = Levels seen in this place.
 G = Mean time per level.
                   A        B        C        D        E       F      G
               +--------+--------+--------+--------+--------+-----+--------+
         Total |    307 |    307 |      0 |    193 |     79 |   1 |  307.0 |
       Dungeon |    307 |    307 |      0 |    193 |     79 |   1 |  307.0 |
               +--------+--------+--------+--------+--------+-----+--------+

Top non-repeatable levels by time:
     D:5: 307 daAuts
